 Dungeon Crawl Stone Soup version 0.31-a0-588-g14bffd4ff3 (webtiles) character file.

Game seed: 12110052481736079506

306 AdnanSaban the Covered (level 6, -1/39 HPs)
             Began as a Gargoyle Fighter on Aug 19, 2023.
             Slain by Menkaure (8 damage)
             ... on level 4 of the Dungeon.
             The game lasted 00:02:50 (2634 turns).

AdnanSaban the Covered (Gargoyle Fighter)           Turns: 2634, Time: 00:02:51

Health: -1/39      AC: 18    Str: 21    XL:     6   Next: 39%
Magic:  6/6        EV: 13    Int:  9    God:
Gold:   170        SH:  4    Dex:  9    Spells: 5/5 levels left

rFire   . . .        a - +0 flail
rCold   . . .        c - +0 buckler
rNeg    + . .        q - +0 chain mail
rPois   ∞            (no helmet)
rElec   +            g - +0 cloak
rCorr   .            y - +0 pair of gloves
SInv    .            v - +0 pair of boots
Will    .....        (no amulet) Stlth
                     o - +5 ring of evasion
HPRegen 0.26/turn    (no ring)
MPRegen 0.10/turn

%: no passive effects
@: no status effects
A: sickness immunity, AC +4, negative energy resistance 1, electricity
resistance, torment resistance 1, petrification resistance
a: no special abilities


You were on level 4 of the Dungeon.
You visited 1 branch of the dungeon, and saw 4 of its levels.

You collected 170 gold pieces.

Inventory:

Hand Weapons
 a - a +0 flail (weapon)
Missiles
 j - 7 poisoned darts
Armour
 c - a +0 buckler (worn)
 g - a +0 cloak (worn)
 q - a +0 chain mail (worn)
 v - a +0 pair of boots (worn)
 y - a +0 pair of gloves (worn)
Jewellery
 o - a +5 ring of evasion (left hand)
Scrolls
 e - a scroll of butterflies {unknown}
 f - a scroll of poison {unknown}
 k - a scroll of vulnerability {unknown}
 l - a scroll of enchant weapon {unknown}
 m - 2 scrolls of revelation {unknown}
 p - a scroll of fear {unknown}
 r - 3 scrolls of identify {unknown}
 s - a scroll of enchant armour {unknown}
 t - a scroll of teleportation {unknown}
 u - a scroll of silence {unknown}
 w - 2 scrolls of blinking {unknown}
Potions
 b - a potion of heal wounds {unknown}
 d - 3 potions of might
 h - 2 potions of enlightenment {unknown}
 i - 5 potions of curing {unknown}
 n - 2 potions of haste {unknown}
 x - a potion of attraction {unknown}
 z - a potion of brilliance {unknown}


   Skills:
 + Level 4.5 Fighting
 + Level 3.6 Maces & Flails
 + Level 5.3 Armour
 + Level 1.0 Dodging
 + Level 3.9 Shields


You had 5 spell levels left.
You didn't know any spells.
Your spell library contained the following spells:

 Spells                   Type           Power      Damage    Failure   Level
 Wereblood                Tmut           0%         N/A       99%         2
 Dispel Undead            Necr           0%         3d6       100%        4
 Irradiate                Conj/Tmut      0%         3d11      100%        5
 Death Channel            Necr           0%         N/A       100%        6
 Cigotuvi's Dreadful Rot  Necr/Pois/Air  Unusable   N/A       N/A         2

Dungeon Overview and Level Annotations

Branches:
Dungeon (4/15)
 Temple: D:4-7

Altars:
Nemelex Xobeh

Shops:
D:1 =

Annotations:
D:4 Menkaure


Innate Abilities, Weirdness & Mutations

You are immune to sickness and miasma.
Your stone body is resilient. (AC +4)
You are immune to poison.
You resist negative energy. (rN+)
You are resistant to electric shocks. (rElec)
You are resistant to unholy torment.
You are immune to petrification.


Message History

You see here a +0 pair of gloves.
Found a club.
Found a mace and 5 stones.
z - a blue potion No target in view!
You see here a +0 pair of gloves.
You start putting on your armour.
You continue putting on your +0 pair of gloves. x4
You finish putting on your +0 pair of gloves.
You now have 170 gold pieces (gained 17).
You see here 5 stones.
You see here a +0 mace.
Menkaure shouts!
Menkaure is nearby!
Menkaure is nearby!
Menkaure gestures wildly while chanting.
Menkaure seems to speed up.
Menkaure completely misses you.
You hit Menkaure.
Menkaure is lightly damaged.
Menkaure hits you!
You closely miss Menkaure.
Menkaure is lightly damaged.
You block Menkaure's attack. Menkaure hits you but does no damage.
You hit Menkaure.
Menkaure is moderately damaged.
Menkaure closely misses you.
You sock Menkaure!
Menkaure is severely damaged.
Menkaure closely misses you.
Menkaure calls on the powers of darkness!
Your body is wracked with pain!
You barely miss Menkaure.
Menkaure is severely damaged.
Menkaure hits you!
* * * LOW HITPOINT WARNING * * *
You hit Menkaure.
Menkaure is almost destroyed.
You block Menkaure's attack. Menkaure hits you!
You die...

...........#.......#
...(....)..#.......#
....######.........# ....#
###.......# ....# #.......#
....# ##.###### ##### #...#
###.###### #.@M...# #..)...###
########## #........#######
.........# #......#........
.........######......#..### #
..........†.....####......###.#
##.####.........# #...........
#...............# #.......##.
#...............# ####.....#


You could see Menkaure (fast).

Vanquished Creatures
  A sky beast (D:2)
  The ghost of AdnanSaban the Covered, an amateur GrFi (D:3)
  A hound (D:3)
  2 adders
  A worm (D:2)
  9 orcs
  3 endoplasms
  4 giant cockroaches
  5 goblins
  6 hobgoblins
  7 jackals
  14 kobolds
  2 quokkas (D:1)
  3 ball pythons (D:4)
  10 bats
  2 frilled lizards
  5 rats
76 creatures vanquished.

Notes
Turn   | Place    | Note
-------+----------+-------------------------------------------
     0 | D:1      | AdnanSaban the Gargoyle Fighter began the quest for the
                  | Orb.
     0 | D:1      | Reached XP level 1. HP: 14/14 MP: 1/1
   142 | D:1      | Reached XP level 2. HP: 17/19 MP: 2/2
   210 | D:1      | Found Dawuipp's Jewellery Boutique.
   333 | D:1      | Reached XP level 3. HP: 3/23 MP: 3/3
  1123 | D:2      | Reached skill level 4 in Armour
  1468 | D:3      | Noticed a sky beast
  1483 | D:3      | Reached XP level 4. HP: 29/29 MP: 4/4
  1513 | D:2      | Killed a sky beast
  1514 | D:2      | Reached XP level 5. HP: 15/33 MP: 5/5
  1886 | D:3      | Found a large runed translucent door.
  1887 | D:3      | Found a large runed translucent door.
  1979 | D:3      | Noticed AdnanSaban's ghost (amateur GrFi)
  2147 | D:3      | Killed AdnanSaban's ghost
  2148 | D:3      | Reached skill level 5 in Armour
  2148 | D:3      | Reached XP level 6. HP: 15/39 MP: 6/6
  2332 | D:4      | Found a sparkling altar of Nemelex Xobeh.
  2332 | D:4      | Noticed Menkaure
  2428 | D:4      | Reached skill level 1 in Dodging
  2634 | D:4      | Slain by Menkaure

Illustrated notes

Levels and vault maps discovered:
D:1:      matt_arrival_los_fun, layout_rooms, serial_shops, shop, st_stairs_3
D:2:      layout_basic
D:3:      layout_basic, ebering_ghost_disaster_area, kennysheep_crisscross,
          minmay_randomly_rotated_circles
D:4:      layout_basic, nicolae_overflow_crystal_walls, uniq_menkaure

Skill      XL: |  1  2  3  4  5  6 |
---------------+-------------------+-----
Armour         | 4 5 |  5.3
Fighting       | 4 |  4.5
Maces & Flails | 3 |  3.6
Dodging        | 1 |  1.0
Shields        | |  3.9

Action                     |  1- 3 |  4- 6 || total
---------------------------+-------+-------++-------
  Melee: Flail             |   151 |   181 ||   332
 Armour: Scale mail        |    73 |       ||    73
         Chain mail        |    48 |   117 ||   165
  Dodge: Dodged            |   141 |   161 ||   302
  Block: Buckler           |    45 |    55 ||   100

Table legend: (Time is in decaauts)
 A = Elapsed time spent in this place.
 B = Non-inter-level travel time spent in this place.
 C = Inter-level travel time spent in this place.
 D = Time resting spent in this place.
 E = Time spent auto-exploring this place.
 F = Levels seen in this place.
 G = Mean time per level.
                   A        B        C        D        E       F      G
               +--------+--------+--------+--------+--------+-----+--------+
         Total |   2732 |   2611 |    121 |     66 |   1798 |   4 |  683.0 |
       Dungeon |   2732 |   2611 |    121 |     66 |   1798 |   4 |  683.0 |
               +--------+--------+--------+--------+--------+-----+--------+

Top non-repeatable levels by time:
     D:2: 943 daAuts
     D:3: 762 daAuts
     D:1: 677 daAuts
     D:4: 349 daAuts
